[Event "*** Titled Tuesday Blitz"]
[Site "Chess.com"]
[Date "2021.02.09"]
[Round "10"]
[White "queen_iryna"]
[Black "vladimirdamjanovic"]
[Result "1-0"]
[WhiteElo "2375"]
[BlackElo "2503"]
[TimeControl "180+1"]
[EndTime "12:00:00 PST"]
[Termination "queen_iryna won by checkmate"]

1. e4 Nc6 2. Nf3 g6 3. d4 Bg7 4. Nc3 d6 5. Be3 Nf6 6. h3 O-O 7. Bd3 e5 8. d5 Nb8 9. Ne2 Nbd7 10.
c4 Nc5 11. Nc3 a5 12. O-O Nh5 13. Ne1 Bd7 14. Bc2 Nf4 15. b3 Qg5 16. Kh2 Qh4 17.
Qf3 f5 18. Qg3 Qh5 19. a3 Ne2 20. Nxe2 f4 21. Qf3 fxe3 22. Qxh5 gxh5 23. Nf3 exf2 24.
Rxf2 Bh6 25. Rff1 a4 26. b4 Nb3 27. Rab1 Nd2 28. Nxd2 Bxd2 29. Bd3 h4 30. Rbd1 Be3 31. Rf3 Rxf3 32. gxf3 Rf8 33. Kg2 Rf7 34. Ng1 Rg7+ 35.
Kh2 Bf4+ 36. Kh1 Rg3 37. Bf1 b6 38. Bg2 Rg5 39. Ne2 Be3 40. Nc3 Bd4 41. Ne2 Bb2 42.
Rd3 Rg7 43. Ng1 Rg3 44. Ne2 Rg6 45. Ng1 Kg7 46. Ne2 Kh6 47. Ng1 Rf6 48. Ne2 Rf8 49.
Ng1 Kg6 50. Ne2 Kg5 51. Re3 Bc8 52. Rd3 Ba6 53. b5 Bc8 54. Nc3 Bxa3 55. Nxa4 Bc1 56. Nc3 Bf4 57. Ne2 Bb7 58. Ra3 Ra8 59. Rxa8 Bxa8 60. Kg1 Be3+ 61. Kf1 Bb7 62. Ke1 Bc8 63. Kf1 h6 64. Ke1 Bd7 65. Kf1 Be8 66. Ke1 Bg6 67. Kf1 Bc5 68. Ke1 Kf6 69. Kf1 Ke7 70. Nc3 Bd4 71.
Ne2 Bc5 72. Nc3 Bf7 73. Ne2 Bh5 74. Nc3 Kd8 75. Ne2 Kc8 76. Nc3 Kb7 77. Ne2 Be3 78.
Nc3 Bf7 79. Ne2 Ka7 80. Nc3 Bg5 81. Ne2 Kb7 82. Nc3 Bd8 83. Ne2 Ka7 84. Nc3 Bg8 85. Ne2 Bg5 86. Nc3 h5 87. Ne2 Kb8 88. Nc3 Kc8 89.
Ne2 Kd7 90. Nc3 Bf4 91. Ne2 Ke7 92. Nc3 Kf8 93. Ne2 Bh7 94. Nxf4 exf4 95. Ke2 Kf7 96. Kd3 Kf6 97. Bf1 Ke5 98. Bg2 Bg6 99. Bf1 Be8 100. Bg2 Bd7 101. Bf1 Be8 102. Bg2 Bg6 103. Bf1 Bh7 104. Bg2 Kf6 105. Bf1 Ke7 106. Bg2 Kd7 107. Bf1 Kd8 108. Bg2 Ke8 109. Bf1 Bg8 110. Bg2 Kf8 111. Bf1 Kg7 112. Bg2 Kh8 113. Bf1 Kh7 114. Bg2 Kg7 115. Bf1 Kf6 116. Bg2 Ke5 117. Bf1 Bf7 118. Bg2 Be8 119. Bf1 Bd7 120. Bg2 Bc8 121. Bf1 Kf6 122. Bg2 Kg5 123. Bf1 Kh6 124.
Bg2 Kh7 125. Bf1 Kh8 126. Bg2 Kg8 127. Bf1 Kf8 128. Bg2 Ke8 129. Bf1 Bd7 130. Bg2 Ke7 131. Bf1 Kf6 132. Bg2 Kg5 133. Bf1 Bc8 134. Bg2 Bg4 135. fxg4 hxg4 136.
hxg4 Kxg4 137. Ke2 Kg3 138. Bf3 h3 139. Bh1 Kh2 140. Bf3 Kg1 141. e5 dxe5 142. c5 h2 143. d6 cxd6 144. cxd6 h1=Q 145. Bxh1 Kxh1 146. d7 Kg2 147. d8=Q f3+ 148. Ke3 Kf1 149. Qg5 f2 150. Qg3 Ke1 151. Qxf2+ Kd1 152. Qd2# 1-0

[Event "*** Titled Tuesday Blitz"]
[Site "Chess.com"]
[Date "2021.02.09"]
[Round "11"]
[White "XDPS"]
[Black "Zmeeed63"]
[Result "1-0"]
[WhiteElo "2750"]
[BlackElo "2472"]
[TimeControl "180+1"]
[EndTime "12:01:47 PST"]
[Termination "XDPS won by resignation"]

1. d4 Nf6 2. Bf4 d5 3. e3 c5 4.
Nf3 Nc6 5. Nbd2 Bg4 6. c3 e6 7. Qa4 Bd6 8. Ne5 O-O 9. Nxg4 Nxg4 10. Bxd6 Qxd6 11. dxc5 Qxc5 12. Qxg4 1-0

[Event "*** Titled Tuesday Blitz"]
[Site "Chess.com"]
[Date "2021.02.09"]
[Round "11"]
[White "frazier69"]
[Black "LogoCzar"]
[Result "1-0"]
[WhiteElo "2525"]
[BlackElo "2403"]
[TimeControl "180+1"]
[EndTime "12:02:16 PST"]
[Termination "frazier69 won by resignation"]

1. e4 c6 2. Nf3 d5 3. d3 g6 4.
Nbd2 Bg7 5. g3 Bg4 6. Bg2 Nf6 7.
h3 Bxf3 8. Qxf3 O-O 9. O-O e6 10. Qe2 Nfd7 11. f4 Bxb2 12. Bxb2 Qb6+ 13. Kh2 Qxb2 14.
Nf3 b5 15. f5 dxe4 16. dxe4 exf5 17. exf5 Re8 18. Qxe8+ 1-0

[Event "*** Titled Tuesday Blitz"]
[Site "Chess.com"]
[Date "2021.02.09"]
[Round "11"]
[White "FMOlexandrProhorov"]
[Black "VladimirBugayev"]
[Result "0-1"]
[WhiteElo "2144"]
[BlackElo "2283"]
[TimeControl "180+1"]
[EndTime "12:02:27 PST"]
[Termination "VladimirBugayev won by resignation"]

1. e4 c6 2. d4 d5 3. Nc3 dxe4 4.
Nxe4 Nf6 5. Nxf6+ exf6 6. Bc4 Na6 7. Ne2 Nc7 8. Bf4 Bd6 9. Qb1 O-O 10. Bxd6 Qxd6 11. O-O Bf5 12. Qc1 Rfe8 13. c3 b5 14.
Bb3 Rxe2 0-1

[Event "*** Titled Tuesday Blitz"]
[Site "Chess.com"]
[Date "2021.02.09"]
[Round "11"]
[White "lamomiablanca"]
[Black "Kurkusha"]
[Result "0-1"]
[WhiteElo "2264"]
[BlackElo "2354"]
[TimeControl "180+1"]
[EndTime "12:03:18 PST"]
[Termination "Kurkusha won by resignation"]

1. e4 e5 2. Nf3 Nc6 3. Nc3 Nf6 4. d4 exd4 5. Nxd4 Bb4 6. Nxc6 bxc6 7. Bd3 d5 8. exd5 cxd5 9. O-O O-O 10. h3 c6 11. Qf3 Re8 12. Bf4 Bd6 13. a3 Rb8 14. b4 a5 15. bxa5 Be6 16. a6 Bxf4 17. Qxf4 Qa5 18.
Qf3 c5 19. Ne2 c4 20. Bf5 Bxf5 21. Qxf5 Rxe2 22. Qf4 Rbe8 23. Rab1 Qxa6 24. Qc7 Qe6 25. Rb7 Rxc2 26. a4 d4 27. a5 d3 0-1

[Event "*** Titled Tuesday Blitz"]
[Site "Chess.com"]
[Date "2021.02.09"]
[Round "11"]
[White "elohunter1999"]
[Black "SanchezKelvin"]
[Result "1-0"]
[WhiteElo "2639"]
[BlackElo "2434"]
[TimeControl "180+1"]
[EndTime "12:03:25 PST"]
[Termination "elohunter1999 won by resignation"]

1. d4 Nf6 2. c4 e6 3. Nc3 c5 4.
d5 exd5 5. cxd5 d6 6. Nf3 g6 7. g3 Bg7 8. Bg2 O-O 9. O-O Re8 10. Bf4 Ne4 11. Nxe4 Rxe4 12. Nd2 Rb4 13. a3 Rxf4 14. gxf4 Bxb2 15. Rb1 Bxa3 16. Nc4 Bb4 17. e4 b5 18. Ne3 a5 19. e5 c4 20. Rxb4 axb4 21. Qd4 Nd7 22. e6 Nc5 23. Ng4 fxe6 24. Nh6+ Kf8 25.
Qh8+ Ke7 26. Qg7+ 1-0

[Event "*** Titled Tuesday Blitz"]
[Site "Chess.com"]
[Date "2021.02.09"]
[Round "11"]
[White "Eternauta2400"]
[Black "Darius321"]
[Result "0-1"]
[WhiteElo "2357"]
[BlackElo "2293"]
[TimeControl "180+1"]
[EndTime "12:03:31 PST"]
[Termination "Darius321 won by resignation"]

1. e4 c5 2. Nf3 g6 3. d4 cxd4 4. Nxd4 Bg7 5. c4 Nc6 6. Be3 Nf6 7. Nc3 Qa5 8. Qc2 Ng4 9. Be2 Nxe3 10. fxe3 Nxd4 11.
exd4 Bxd4 12. Qd2 Bxc3 13. bxc3 d6 14. O-O O-O 15. Qh6 Qxc3 16. Rab1 b6 17. Rb3 Qd4+ 18. Kh1 Be6 19. Rh3 Bxh3 0-1

[Event "*** Titled Tuesday Blitz"]
[Site "Chess.com"]
[Date "2021.02.09"]
[Round "11"]
[White "Beca95"]
[Black "BilodeauA"]
[Result "1-0"]
[WhiteElo "2930"]
[BlackElo "2911"]
[TimeControl "180+1"]
[EndTime "12:04:08 PST"]
[Termination "Beca95 won by resignation"]

1. c4 e5 2. d3 Nc6 3. Nf3 d6 4. g3 g6 5. Bg2 Bg7 6. O-O f5 7.
Nc3 Nf6 8. Bg5 h6 9. Bxf6 Qxf6 10. Nd2 g5 11. Nd5 Qf7 12. b4 a6 13. a4 O-O 14.
b5 axb5 15. cxb5 Nd4 16. Rc1 Ne6 17. Qb3 Nc5 18. Rxc5 dxc5 19. Ne7+ Kh7 20. Qxf7 Rxf7 21. Nxc8 Rxc8 22. Bxb7 Rb8 23. Bd5 e4 24. Bxf7 1-0

[Event "*** Titled Tuesday Blitz"]
[Site "Chess.com"]
[Date "2021.02.09"]
[Round "11"]
[White "andriipalchuk"]
[Black "esapunov"]
[Result "0-1"]
[WhiteElo "2563"]
[BlackElo "2724"]
[TimeControl "180+1"]
[EndTime "12:04:08 PST"]
[Termination "esapunov won by resignation"]

1. d4 Nf6 2. c4 g6 3. Nf3 Bg7 4.
g3 O-O 5. Bg2 d6 6. O-O Nc6 7. Nc3 Bf5 8. Nh4 Bd7 9. d5 Na5 10. Qd3 c5 11. e4 a6 12. Bd2 b5 13.
cxb5 axb5 14. b3 b4 15. Ne2 Qb6 16. Rfe1 Ng4 17. Rac1 Bb5 18. Qc2 c4 19. Bxb4 Nxf2 20. Bxa5 Rxa5 21. bxc4 Nd3+ 22. Kh1 Nxe1 23. Rxe1 Rc8 24.
Rb1 Qc5 0-1

[Event "*** Titled Tuesday Blitz"]
[Site "Chess.com"]
[Date "2021.02.09"]
[Round "11"]
[White "Trickster_Pony"]
[Black "bylavochka"]
[Result "1/2-1/2"]
[WhiteElo "1511"]
[BlackElo "2079"]
[TimeControl "180+1"]
[EndTime "12:04:24 PST"]
[Termination "Game drawn by agreement"]

1. c4 Nf6 2. g3 g6 3. Bg2 Bg7 4. Nc3 O-O 5. Nf3 c6 6. O-O d5 7.
cxd5 cxd5 8. d4 Nc6 9. b3 Ne4 10.
Bb2 Bf5 11. e3 Rc8 12. Nxe4 Bxe4 13. Nd2 Bxg2 14. Kxg2 e5 15. Nf3 e4 16. Ne5 Qe7 17.
Nxc6 Rxc6 18. Rc1 Rfc8 19. Qd2 R8c7 20. Rxc6 Rxc6 21. Rc1 Qc7 22. Rxc6 Qxc6 23. Qc3 Qxc3 24. Bxc3 Kf8 25. Bb4+ Ke8 26. a4 Kd7 27. a5 1/2-1/2

[Event "*** Titled Tuesday Blitz"]
[Site "Chess.com"]
[Date "2021.02.09"]
[Round "11"]
[White "m_ezat"]
[Black "Problematique_99"]
[Result "1-0"]
[WhiteElo "2563"]
[BlackElo "2451"]
[TimeControl "180+1"]
[EndTime "12:04:25 PST"]
[Termination "m_ezat won by resignation"]

1. e4 c5 2. d4 cxd4 3. c3 dxc3 4. Nxc3 d6 5. Nf3 Nc6 6. Bc4 a6 7. O-O Nf6 8. h3 e6 9. Qe2 Be7 10. Rd1 Bd7 11. Bf4 e5 12. Bg5 Qb8 13. Bxf6 Bxf6 14. Nd5 Bd8 15. a3 b5 16. Ba2 O-O 17. Rd2 Be6 18. Rad1 Ra7 19. Qe3 Rd7 20. Ng5 Bxg5 21. Qxg5 Qd8 22. Qe3 Nd4 23. b4 a5 24. Rxd4 exd4 25.
Qxd4 axb4 26. axb4 Qh4 27. Rd3 Ra8 28. Rg3 Qh6 29.
Nf6+ Kh8 30. Bxe6 1-0

[Event "*** Titled Tuesday Blitz"]
[Site "Chess.com"]
[Date "2021.02.09"]
[Round "11"]
[White "Etud-otradnoe"]
[Black "MartinMatthiesen"]
[Result "1-0"]
[WhiteElo "2311"]
[BlackElo "2366"]
[TimeControl "180+1"]
[EndTime "12:04:32 PST"]
[Termination "Etud-otradnoe won by resignation"]

1. e4 c5 2. c3 Nf6 3. e5 Nd5 4. d4 cxd4 5. Nf3 Nc6 6. cxd4 d6 7. Bc4 Nb6 8. Bb5 dxe5 9. Nxe5 Bd7 10. Nxd7 Qxd7 11.
Nc3 Rd8 12. O-O Qxd4 13. Qf3 Qf6 14. Qg3 a6 15. Be3 Nd7 16. Nd5 Qd6 17. Nc7+ 1-0

[Event "*** Titled Tuesday Blitz"]
[Site "Chess.com"]
[Date "2021.02.09"]
[Round "11"]
[White "NaciSAN"]
[Black "Ghost_Pepper"]
[Result "0-1"]
[WhiteElo "2300"]
[BlackElo "2395"]
[TimeControl "180+1"]
[EndTime "12:04:47 PST"]
[Termination "Ghost_Pepper won by resignation"]

1. e4 c5 2. Nf3 d6 3. Bb5+ Bd7 4. Bxd7+ Qxd7 5. O-O Nf6 6. Re1 Nc6 7. c3 e6 8. d4 cxd4 9. cxd4 d5 10. e5 Ne4 11. Nbd2 Nxd2 12. Bxd2 Be7 13. Rc1 O-O 14. Rc3 Rfc8 15. a3 Bd8 16. Rd3 Ne7 17. g4 Qb5 18.
Bc3 Ng6 19. Rd2 a5 20. Rc2 Qa4 21. Qb1 b5 22. Rec1 Nf4 23. Kf1 Qc4+ 24. Ke1 Qd3 25. Nh4 Bxh4 0-1

[Event "*** Titled Tuesday Blitz"]
[Site "Chess.com"]
[Date "2021.02.09"]
[Round "11"]
[White "djano"]
[Black "kakorrhaphiophobie"]
[Result "1-0"]
[WhiteElo "2478"]
[BlackElo "2336"]
[TimeControl "180+1"]
[EndTime "12:04:53 PST"]
[Termination "djano won by resignation"]

1. c4 f5 2. g4 fxg4 3. h3 g3 4. fxg3 e5 5. Nc3 Nc6 6. Bg2 Qg5 7. Ne4 Qg6 8. e3 Nf6 9. Nxf6+ gxf6 10. Ne2 Nb4 11.
O-O Nc2 12. Rb1 Nxe3 13. dxe3 Qxb1 14. Rxf6 Be7 15. Nc3 Qa1 16. Qh5+ Kd8 17. Rf1 a5 18.
Nd5 Qxa2 19. Nxe7 Qxc4 20. Nd5 d6 21. Qg5+ Kd7 22. Qe7+ Kc6 23. Qxc7+ Kb5 24. Qb6+ Ka4 25. Nc3+ 1-0

[Event "*** Titled Tuesday Blitz"]
[Site "Chess.com"]
[Date "2021.02.09"]
[Round "11"]
[White "Yaryi_sergey"]
[Black "PavelChernomordik"]
[Result "1-0"]
[WhiteElo "2487"]
[BlackElo "2374"]
[TimeControl "180+1"]
[EndTime "12:04:55 PST"]
[Termination "Yaryi_sergey won by resignation"]

1. e4 g6 2. h4 d5 3. d3 h5 4.
Nc3 c6 5. g3 Bg7 6. Bg2 d4 7.
Nce2 e5 8. Nh3 Ne7 9. c3 c5 10.
O-O Nbc6 11. a3 dxc3 12. bxc3 Bg4 13. Be3 b6 14. f3 Bc8 15. Qc2 O-O 16. Rad1 f6 17.
Nf2 Be6 18. d4 cxd4 19. cxd4 exd4 20. Nxd4 Nxd4 21. Rxd4 Qc8 22. Qd2 Nc6 23. Rd6 Rd8 24. Rc1 Bd7 25. f4 Qb7 26. e5 fxe5 27. Bxc6 Bxc6 28.
Rxd8+ Rxd8 29. Qxd8+ Kh7 30. f5 Be4 31. Rc7 Qd5 32.
Qxd5 Bxd5 33. f6 1-0

[Event "*** Titled Tuesday Blitz"]
[Site "Chess.com"]
[Date "2021.02.09"]
[Round "11"]
[White "MFguimaraes"]
[Black "Unknown_IM"]
[Result "0-1"]
[WhiteElo "2409"]
[BlackElo "2360"]
[TimeControl "180+1"]
[EndTime "12:04:56 PST"]
[Termination "Unknown_IM won by checkmate"]

1. e4 e5 2. Nf3 Nc6 3. Bc4 Bc5 4. O-O Nf6 5. d4 Bxd4 6. Nxd4 Nxd4 7. Bg5 h6 8. Bh4 d6 9. Nc3 Be6 10. Bd3 g5 11. Bg3 Qd7 12. b4 O-O-O 13. a4 h5 14. h4 Rdg8 15. hxg5 Rxg5 16. Bh4 Rg6 17. f4 Rhg8 18. f5 Rxg2+ 19. Kh1 Bxf5 20. exf5 Qc6 21. Ne4 Nxe4 22. b5 Nf2+ 23. Rxf2 Rg1+ 24. Kh2 Qh1# 0-1

[Event "*** Titled Tuesday Blitz"]
[Site "Chess.com"]
[Date "2021.02.09"]
[Round "11"]
[White "Grammnik"]
[Black "Guzman70"]
[Result "0-1"]
[WhiteElo "2380"]
[BlackElo "2257"]
[TimeControl "180+1"]
[EndTime "12:05:00 PST"]
[Termination "Guzman70 won by resignation"]

1. d4 Nf6 2. Nf3 c5 3. d5 g6 4.
Nc3 Bg7 5. e4 O-O 6. Be2 b5 7.
Bxb5 Nxe4 8. Nxe4 Qa5+ 9. Nc3 Bxc3+ 10. bxc3 Qxb5 11. Qd2 d6 12. Qh6 Ba6 13. Qd2 Nd7 14.
h4 h5 15. Rh3 Nf6 16. Qd3 Qxd3 17. cxd3 Bxd3 18. Nd2 Bf5 19. Rg3 Nxd5 20. f3 Nxc3 21. Kf2 Rab8 22. a4 Rb4 23. Rb1 Nxb1 0-1

[Event "*** Titled Tuesday Blitz"]
[Site "Chess.com"]
[Date "2021.02.09"]
[Round "11"]
[White "LEGENYA1998"]
[Black "Iskusnyh"]
[Result "0-1"]
[WhiteElo "2286"]
[BlackElo "2598"]
[TimeControl "180+1"]
[EndTime "12:05:02 PST"]
[Termination "Iskusnyh won by resignation"]

1. d4 d5 2. Nf3 Nf6 3. Bf4 c5 4. c3 Qb6 5. Qb3 Nc6 6. Qxb6 axb6 7. Bc7 Bf5 8. Nbd2 e6 9. Bxb6 Nd7 10. Bxc5 Bxc5 11. dxc5 Nxc5 12. e3 Ke7 13. Nd4 Bg6 14. Be2 Nd3+ 15. Bxd3 Bxd3 16. Nxc6+ bxc6 17. a4 c5 18. Nb3 Kd6 19. Kd2 Bg6 20. Nc1 Rhb8 21. Ra2 Bb1 22. Ra1 Rxb2+ 23. Kd1 Bc2+ 24. Ke1 Rxa4 25. Rxa4 Bxa4 0-1

[Event "*** Titled Tuesday Blitz"]
[Site "Chess.com"]
[Date "2021.02.09"]
[Round "11"]
[White "Evachess2006"]
[Black "michaelshahade"]
[Result "0-1"]
[WhiteElo "1610"]
[BlackElo "1927"]
[TimeControl "180+1"]
[EndTime "12:05:06 PST"]
[Termination "michaelshahade won by resignation"]

1. e4 c5 2. c3 g6 3. d4 cxd4 4. c4 Nc6 5. Nf3 Bg7 6. Bf4 d6 7. e5 dxe5 8. Bg3 e4 9. Nfd2 e3 10.
Nf3 Qa5+ 11. Ke2 d3+ 12. Qxd3 Bxb2 13. fxe3 Bxa1 14. Be1 Qxa2+ 15. Nfd2 Nf6 16. Bg3 O-O 0-1

[Event "*** Titled Tuesday Blitz"]
[Site "Chess.com"]
[Date "2021.02.09"]
[Round "11"]
[White "vladgoncharov"]
[Black "ljuks68"]
[Result "0-1"]
[WhiteElo "2475"]
[BlackElo "2392"]
[TimeControl "180+1"]
[EndTime "12:05:11 PST"]
[Termination "ljuks68 won by resignation"]

1. e4 e6 2. d4 d5 3. Nd2 Nf6 4. e5 Nfd7 5. Bd3 c5 6. c3 Nc6 7.
Ne2 cxd4 8. cxd4 f6 9. exf6 Qxf6 10. Nf3 h6 11. O-O Bd6 12. Re1 O-O 13. Ng3 Rf7 14.
Nh5 Qe7 15. a3 Nf6 16. Nf4 Ne4 17. Ng6 Qf6 18. Nge5 Nxe5 19. dxe5 Bxe5 20. Bxe4 dxe4 21. Rxe4 Bxb2 22. Bxb2 Qxb2 23. a4 b6 24. Re2 Qf6 25. Ne5 Ba6 26. Nd7 Rxd7 0-1

[Event "*** Titled Tuesday Blitz"]
[Site "Chess.com"]
[Date "2021.02.09"]
[Round "11"]
[White "Trovita84"]
[Black "Politov_Pavel"]
[Result "0-1"]
[WhiteElo "1967"]
[BlackElo "2420"]
[TimeControl "180+1"]
[EndTime "12:05:23 PST"]
[Termination "Politov_Pavel won on time"]

1. e4 e5 2. Nf3 Nc6 3. Bc4 Bc5 4. d3 Nf6 5. c3 d6 6. a4 a5 7. O-O h6 8. Re1 O-O 9. Nbd2 Ne7 10. Nf1 Ng6 11. Ng3 Nh7 12. Be3 Bxe3 13. fxe3 Ng5 14. Rf1 c6 15. Qe2 d5 16. exd5 cxd5 17. Bb3 Bg4 18. Bc2 e4 19. h3 exf3 0-1

[Event "*** Titled Tuesday Blitz"]
[Site "Chess.com"]
[Date "2021.02.09"]
[Round "11"]
[White "Rsnr"]
[Black "oneshot007"]
[Result "1-0"]
[WhiteElo "2783"]
[BlackElo "2577"]
[TimeControl "180+1"]
[EndTime "12:05:24 PST"]
[Termination "Rsnr won by resignation"]

1. d4 d5 2. c4 Nc6 3. cxd5 Qxd5 4. e3 e5 5. Nc3 Bb4 6. a3 Bxc3+ 7. bxc3 Nf6 8. c4 Qd6 9. d5 Nb8 10. Ne2 O-O 11.
Nc3 Bf5 12. Be2 Na6 13. O-O Rad8 14. a4 Nb4 15. Ba3 a5 16. Qb3 Rfe8 17. Rac1 Qb6 18. Qb2 c6 19. Rfd1 cxd5 20. cxd5 Ne4 21. Bb5 Nxc3 22. Qxc3 Nxd5 23. Rxd5 Rxd5 24. Bxe8 Rd3 25.
Qc5 1-0

[Event "*** Titled Tuesday Blitz"]
[Site "Chess.com"]
[Date "2021.02.09"]
[Round "11"]
[White "Chessbard1972"]
[Black "Chuchofrio1"]
[Result "1-0"]
[WhiteElo "2386"]
[BlackElo "2295"]
[TimeControl "180+1"]
[EndTime "12:05:24 PST"]
[Termination "Chessbard1972 won by resignation"]

1. d4 Nf6 2. Nf3 g6 3. c4 Bg7 4. g3 O-O 5. Bg2 d6 6. O-O Nbd7 7. Nc3 e5 8. Qc2 Re8 9. Rd1 Qe7 10. b3 h6 11. Ba3 exd4 12. Nxd4 Ne5 13. h3 Rb8 14. Ndb5 a6 15. Nxd6 cxd6 16. Bxd6 Qe6 17. Bxb8 Nc6 18. Bf4 Nh5 19. Bd6 Nd4 20. Qe4 Qd7 21. Qd5 Re6 22. Bb8 Qxd5 23. cxd5 Re8 24. Rac1 b5 25. e3 Nf5 26. g4 Bd7 27. Bh2 Nxe3 28. fxe3 Rxe3 29. gxh5 Bxc3 30. Bf4 Re4 31. Bxe4 1-0

[Event "*** Titled Tuesday Blitz"]
[Site "Chess.com"]
[Date "2021.02.09"]
[Round "11"]
[White "Nils_03"]
[Black "kubal123"]
[Result "1-0"]
[WhiteElo "2332"]
[BlackElo "2202"]
[TimeControl "180+1"]
[EndTime "12:05:24 PST"]
[Termination "Nils_03 won by checkmate"]

1. e4 c5 2. Nf3 e6 3. b3 b6 4. Bb2 Bb7 5. Qe2 Nc6 6. g3 d6 7. Bg2 e5 8. O-O Nf6 9. c3 Be7 10. d4 O-O 11. d5 Nb8 12. c4 Nbd7 13. Nc3 a6 14. Nd2 Ne8 15. f4 Nc7 16. f5 Rb8 17. a4 Bc8 18. Nf3 Qe8 19. g4 f6 20. h4 Rf7 21. g5 Nf8 22. Bh3 b5 23. axb5 axb5 24. Qg2 bxc4 25. bxc4 Ba6 26. Bc1 Bxc4 27. Rf2 Nb5 28.
Nxb5 Qxb5 29. g6 hxg6 30. fxg6 Nxg6 31. Qxg6 Qb3 32. Be6 Rf8 33. Bh6 Kh8 34. Bxf7 Qc3 35. Qxg7# 1-0

[Event "*** Titled Tuesday Blitz"]
[Site "Chess.com"]
[Date "2021.02.09"]
[Round "11"]
[White "dozer80"]
[Black "AttackSparrow"]
[Result "0-1"]
[WhiteElo "2605"]
[BlackElo "2509"]
[TimeControl "180+1"]
[EndTime "12:05:28 PST"]
[Termination "AttackSparrow won by checkmate"]

1. e4 c5 2. Nf3 e6 3. d3 Nc6 4. Nbd2 d5 5. g3 Bd6 6. Bg2 Nge7 7. O-O O-O 8. Re1 b5 9. a4 b4 10. exd5 Nxd5 11. Nc4 Be7 12. h4 a5 13. Qe2 Bb7 14. Ng5 Nd4 15. Qd1 h6 16. Ne4 Qc7 17. c3 Nf5 18. Bd2 Rfd8 19. Qe2 Rac8 20. Rad1 Ba6 21. Bh3 Nd6 22. Nexd6 Bxd6 23. Bxe6 fxe6 24. Qxe6+ Kh8 25. Bxh6 Bxg3 26. Qxa6 Bxf2+ 27. Kxf2 Qh2+ 28. Kf3 Rf8+ 29. Ke4 Nf6+ 30. Kf5 Qh3+ 31. Ke5 Rce8+ 32. Kd6 Qd7+ 33.
Kxc5 Rc8+ 34. Kb6 Rc6+ 35. Kxa5 Rxa6+ 36. Kxa6 Ra8+ 37. Kb6 Rb8+ 38. Kc5 Qd5# 0-1

[Event "*** Titled Tuesday Blitz"]
[Site "Chess.com"]
[Date "2021.02.09"]
[Round "11"]
[White "Chessmasterzt"]
[Black "Kislov_Oleg"]
[Result "1-0"]
[WhiteElo "2620"]
[BlackElo "2491"]
[TimeControl "180+1"]
[EndTime "12:05:31 PST"]
[Termination "Chessmasterzt won by checkmate"]

1. d4 Nf6 2. c4 e6 3. g3 d5 4. Bg2 Bb4+ 5. Nd2 dxc4 6. Qa4+ Bd7 7. Qxb4 Bc6 8. Ngf3 b5 9. a4 a5 10. Qc5 Nfd7 11. Qh5 g6 12. Qh6 Nf6 13. axb5 Bxb5 14. Ne5 Ra7 15. Qg7 Rf8 16. Ndf3 Nh5 17. Qxh7 Qf6 18.
Bg5 Qf5 19. g4 Qc2 20. gxh5 c3 21. O-O cxb2 22. Rab1 a4 23. hxg6 fxg6 24. Qe7# 1-0

[Event "*** Titled Tuesday Blitz"]
[Site "Chess.com"]
[Date "2021.02.09"]
[Round "11"]
[White "AlexSuv"]
[Black "DonPreuss"]
[Result "1-0"]
[WhiteElo "2446"]
[BlackElo "2259"]
[TimeControl "180+1"]
[EndTime "12:05:33 PST"]
[Termination "AlexSuv won by resignation"]

1. d4 Nf6 2. c4 e6 3. Nc3 Bb4 4. e3 d5 5. Bd2 c6 6. Nf3 O-O 7. Bd3 Bxc3 8. Bxc3 Ne4 9. Qc2 f5 10. Bb4 Re8 11. O-O g5 12. Ne5 Nd7 13. f3 Nef6 14.
cxd5 Nxd5 15. Bd2 Nxe5 16. dxe5 Qb6 17. Rfe1 Bd7 18. Kh1 Red8 19. e4 Nb4 20. Bxb4 Qxb4 21. exf5 exf5 22. Bxf5 Qe7 23. e6 Be8 24. Rad1 Kg7 25.
Qc3+ Qf6 26. e7 Rxd1 27. Rxd1 Kf7 28. Qxf6+ Kxf6 29. Rd8 1-0

[Event "*** Titled Tuesday Blitz"]
[Site "Chess.com"]
[Date "2021.02.09"]
[Round "11"]
[White "bocah_sakit"]
[Black "mishanick"]
[Result "1-0"]
[WhiteElo "2860"]
[BlackElo "2918"]
[TimeControl "180+1"]
[EndTime "12:05:37 PST"]
[Termination "bocah_sakit won by resignation"]

1. e4 c5 2. Nf3 d6 3. d4 cxd4 4. Nxd4 Nf6 5. Nc3 a6 6. Bg5 e6 7. f4 Qb6 8. Qd2 Qxb2 9. Rb1 Qa3 10. e5 dxe5 11. fxe5 h6 12. Bh4 Nfd7 13. Ne4 Qxa2 14. Rd1 Qd5 15. Qe3 Qxe5 16. Bg3 Qd5 17. Nb5 Qxb5 18. Bxb5 axb5 19. O-O Nc6 20. Bd6 Ra4 21. Bxf8 Rxf8 22. Nd6+ Ke7 23. Nf5+ Kd8 24. Nxg7 Kc7 25. Nxe6+ fxe6 26. Rxd7+ Bxd7 27. Rxf8 h5 28. h3 e5 29. Rf7 h4 30. c3 Kc8 31. Qc5 Ra1+ 32. Kh2 Rd1 33.
Qxb5 Kc7 34. Qc5 b6 35. Qf2 Rd3 36. Rf3 e4 37. Rxd3 exd3 38. Qe3 Bf5 39. Qf4+ 1-0

[Event "*** Titled Tuesday Blitz"]
[Site "Chess.com"]
[Date "2021.02.09"]
[Round "11"]
[White "Mbneu"]
[Black "Kostukov_Alex"]
[Result "1-0"]
[WhiteElo "2302"]
[BlackElo "2357"]
[TimeControl "180+1"]
[EndTime "12:05:42 PST"]
[Termination "Mbneu won by resignation"]

1. d4 g6 2. f4 Bg7 3. Nf3 d6 4. c4 f5 5. g3 Nf6 6. Bg2 O-O 7.
O-O Nc6 8. d5 Nb8 9. Nc3 c6 10.
e4 fxe4 11. Ng5 cxd5 12. Nxd5 Nc6 13. Nxf6+ Bxf6 14. Nxe4 Bg7 15. Be3 Bxb2 16. Rb1 Bg7 17. Ng5 e6 18. Qg4 Qe7 19. Rfe1 h6 20. Nf3 e5 21. Qxg6 Bf5 22. Qh5 Bxb1 23. Rxb1 exf4 24. Bxf4 Qf7 25. Qb5 Nd4 26. Nxd4 Bxd4+ 27. Kh1 Qg7 28.
Bxd6 Rfd8 29. Bxb7 a6 30. Qd5+ Kh8 31. Bxa8 Rxd6 32. Qxd6 1-0

[Event "*** Titled Tuesday Blitz"]
[Site "Chess.com"]
[Date "2021.02.09"]
[Round "11"]
[White "northridgehawk"]
[Black "CSB7"]
[Result "1-0"]
[WhiteElo "2347"]
[BlackElo "2522"]
[TimeControl "180+1"]
[EndTime "12:05:50 PST"]
[Termination "northridgehawk won by resignation"]

1. e4 c5 2. Nf3 e6 3. d3 Nc6 4. Nbd2 d5 5. g3 Nf6 6. Bg2 Be7 7. O-O O-O 8. Re1 b5 9. e5 Nd7 10. Nf1 Bb7 11. h4 Qc7 12. Bf4 Rfc8 13. h5 h6 14. N1h2 Qd8 15. Qd2 a5 16. Ng4 Bf8 17. Bxh6 gxh6 18.
Nxh6+ Bxh6 19. Qxh6 Qf8 20. Qf4 Qg7 21. h6 Qg6 22. Nh4 Qh7 23. Bxd5 exd5 24. Qg4+ Kh8 25. Qxd7 f6 26. Qd6 fxe5 27. Rxe5 Nxe5 28. Qxe5+ Kg8 29. Qe6+ Kh8 30. Ng6+ 1-0

[Event "*** Titled Tuesday Blitz"]
[Site "Chess.com"]
[Date "2021.02.09"]
[Round "11"]
[White "ChessWarrior7197"]
[Black "MatthewG-p4p"]
[Result "1-0"]
[WhiteElo "2947"]
[BlackElo "2828"]
[TimeControl "180+1"]
[EndTime "12:05:55 PST"]
[Termination "ChessWarrior7197 won by resignation"]

1. d4 Nf6 2. c4 c5 3. Nf3 cxd4 4. Nxd4 e5 5. Nb5 d5 6. cxd5 Bc5 7. N5c3 O-O 8. g3 Ng4 9. e3 f5 10. Bg2 f4 11.
O-O fxe3 12. Bxe3 Nxe3 13. fxe3 Bxe3+ 14. Kh1 Nd7 15. Na3 Nf6 16. Nc4 Bd4 17. Nb5 Bg4 18.
Qb3 Be2 19. Rfe1 Bxc4 20. Qxc4 Rc8 21. Qb3 Bc5 22. Rac1 Qb6 23. h3 Bf2 24. Rxc8 Rxc8 25. Rf1 Nh5 26. d6+ Kh8 27. Rd1 a6 28. d7 Rd8 29.
Nd6 Qxb3 30. axb3 Nxg3+ 31. Kh2 Rxd7 32. Nf7+ 1-0